 Dungeon Crawl Stone Soup version 0.23-a0-319-gb40ba49 (webtiles) character file.

1771 Garbasso the Digger (level 8, -9/79 HPs)
             Began as a Troll Earth Elementalist on Oct 14, 2018.
             Was an Initiate of Ashenzari.
             Killed by divine providence
             ... invoked by an orc priest
              (12 damage)
             ... on level 7 of the Dungeon.
             The game lasted 00:23:09 (4488 turns).

Garbasso the Digger (Troll Earth Elementalist)      Turns: 4488, Time: 00:23:09

Health: -9/79      AC:  6    Str: 17    XL:     8   Next: 80%
Magic:  2/8        EV: 25    Int: 13    God:    Ashenzari [......]
Gold:   294        SH:  0    Dex: 10    Spells: 0/9 levels left

rFire    + . .     SeeInvis .     - Unarmed
rCold    . . .     Gourm    +   (no shield)
rNeg     . . .     Faith    .   c - +1 robe
rPois    .         Spirit   .   (helmet restricted)
rElec    .         Reflect  .   (no cloak)
rCorr    .         Harm     .   (gloves unavailable)
MR       .....                  (boots unavailable)
Stlth    +.........             e - amulet of the acrobat
HPRegen  0.63/turn              o - ring of protection from fire
MPRegen  0.11/turn              (no ring)

@: very slightly contaminated
A: large, unfitting armour, claws 3, fast metabolism 3, gourmand, regeneration
1, shaggy fur 1, tough skin 2
a: Curse Item, Renounce Religion


You were on level 7 of the Dungeon.
You worshipped Ashenzari.
Ashenzari was noncommittal.
You were very full.

You visited 2 branches of the dungeon, and saw 8 of its levels.

You collected 391 gold pieces.
You spent 97 gold pieces at shops.

Inventory:

Missiles
 b - 132 stones (quivered)
 y - 2 throwing nets
Armour
 c - a +1 robe (worn)
Jewellery
 e - an amulet of the acrobat (around neck)
 o - a ring of protection from fire (left claw)
Wands
 u - a wand of acid (11)
 v - a wand of polymorph (7)
Scrolls
 f - 3 scrolls of remove curse
 k - 2 scrolls of teleportation
 n - a scroll of amnesia {unknown}
 q - 2 scrolls of blinking
 r - 2 scrolls of magic mapping
 s - 2 scrolls of fog
 t - a scroll of enchant armour
 x - a scroll of enchant weapon
Potions
 a - 4 potions of heal wounds
 g - 2 potions of agility
 h - a potion of magic {unknown}
 i - 2 potions of brilliance
 j - a potion of lignification {unknown}
 l - 2 potions of curing {unknown}
 m - a potion of mutation {unknown}
 p - 2 potions of flight {unknown}
 w - 3 potions of might {unknown}
Comestibles
 d - 14 rations


   Skills:
 + Level 4.5 Fighting
 - Level 1.5 Dodging
 - Level 1.0 Stealth
 + Level 5.4 Unarmed Combat
 - Level 1.2 Spellcasting
   Level 0.6 Transmutations
 * Level 7.9 Earth Magic


You couldn't memorise any spells.
You knew the following spells:

 Your Spells              Type           Power        Failure   Level  Hunger
a - Sandblast             Erth           ###...       1%          1    ##.....
b - Stone Arrow           Conj/Erth      ##....       16%         3    ####...
c - Lee's Rapid Deconstr  Erth           ###.......   30%         5    ######.

Your spell library contained the following spells:

 Spells                   Type           Power        Failure   Level  Hunger
 Passwall                 Tmut/Erth      ##......     8%          2    ###....
 Petrify                  Tmut/Erth      ##......     43%         4    #####..


Dungeon Overview and Level Annotations

Branches:
Dungeon (7/15)             Temple (1/1) D:6

Altars:
Ashenzari
Cheibriados
Dithmenos
Elyvilon
Fedhas
Hepliaklqana
Makhleb
Okawaru
Qazlal
Ru
Sif Muna
Trog
Uskayaw
Xom
Yredelemnul
Zin
The Shining One

Shops:
D:4 (   D:6 *

Annotations:
D:6 1 runed door


Innate Abilities, Weirdness & Mutations

You are too large for most types of armour.
You have claws for hands.
Your metabolism is lightning-fast.
You like to eat raw meat.
Your natural rate of healing is unusually fast.
You are covered in fur. (AC +1)
You have very tough skin. (AC +2)


Message History

The orc priest looks encouraged for a moment.
The orc priest calls down the wrath of Beogh upon you.
Beogh smites you!
* * * LOW HITPOINT WARNING * * *
Items here: )) †† the dire flail of Dullness {antimagic, Dex+3} an uncursed hand axe; a bullfrog corpse; an orc corpse You scratch the orc priest.
You claw the orc priest.
The orc priest is heavily wounded.
The orc priest barely misses you.
You barely miss the orc priest.
The orc priest is heavily wounded.
You closely miss the orc priest.
The orc priest is heavily wounded.
The orc priest mumbles some strange prayers to Beogh against you.
Beogh smites you!
* * * LOW HITPOINT WARNING * * *
The orc priest mumbles some strange prayers to Beogh against you.
Beogh smites you!
You die...

#. #. #. #
#. #. #.##)
#. ... .
#.### #.
#oo@### #.
.......#).(#
##
#####..##..#
#(. #8.# #..
#..# #..
#[.# #..
#..# #>.
#..#
#.8######


You could see an orc priest and an orc.

Vanquished Creatures
  Sigmund (D:2)
  Menkaure (D:4)
  Duvessa (D:6)
  4 ogres
  2 bullfrogs
  Dowan (D:6)
  A water moccasin skeleton (D:4)
  2 scorpions
  A howler monkey (D:5)
  2 crimson imps
  2 jellies
  2 orc priests (D:3)
  A hound (D:2)
  A gnoll shaman (D:6)
  2 orc wizards (D:4)
  A centaur skeleton (D:4)
  An iguana (D:4)
  Terence (D:2)
  A human skeleton (D:6)
  3 worker ants
  4 gnolls (D:6)
  7 adders
  3 worms
  A dart slug (D:1)
  7 leopard geckos
  18 orcs
  3 ball pythons
  3 bats
  6 giant cockroaches
  5 hobgoblins
  7 jackals (D:1)
  6 kobolds
  2 quokkas (D:2)
  7 frilled lizards
  3 goblins
  A jackal zombie (D:6)
  A leopard gecko skeleton (D:4)
  8 rats
123 creatures vanquished.

Notes
Turn   | Place    | Note
-------+----------+-------------------------------------------
     0 | D:1      | Garbasso the Troll Earth Elementalist began the quest for
                  | the Orb.
     0 | D:1      | Reached XP level 1. HP: 16/16 MP: 1/1
    84 | D:1      | Reached skill level 3 in Earth Magic
    88 | D:1      | Reached XP level 2. HP: 26/26 MP: 2/2
   236 | D:1      | Reached skill level 1 in Unarmed Combat
   777 | D:2      | Noticed Sigmund
   788 | D:2      | Killed Sigmund
   788 | D:2      | Reached skill level 1 in Fighting
   788 | D:2      | Reached skill level 4 in Earth Magic
   788 | D:2      | Reached XP level 3. HP: 11/35 MP: 0/3
   788 | D:2      | Reached XP level 4. HP: 13/42 MP: 0/4
   788 | D:2      | Reached XP level 5. HP: 15/49 MP: 0/5
   795 | D:2      | Learned a level 3 spell: Stone Arrow
  1040 | D:2      | Found an iron altar of Okawaru.
  1357 | D:2      | Noticed Terence
  1364 | D:2      | Killed Terence
  1364 | D:2      | Reached XP level 6. HP: 51/57 MP: 1/6
  1581 | D:3      | Found a faded altar of an unknown god.
  1581 | D:3      | Found a faded altar of an unknown god.
  1586 | D:3      | Found a burning altar of Makhleb.
  1588 | D:3      | Found a hazy altar of Hepliaklqana.
  1589 | D:3      | Found a shattered altar of Ashenzari.
  1647 | D:3      | Reached skill level 5 in Earth Magic
  1993 | D:4      | Noticed Menkaure
  2155 | D:4      | Reached XP level 7. HP: 38/66 MP: 5/7
  2411 | D:4      | Killed Menkaure
  2411 | D:4      | Reached skill level 6 in Earth Magic
  2420 | D:4      | HP: 2/67 [iguana (9)]
  2562 | D:4      | Found a shimmering altar of Xom.
  2729 | D:4      | Found Vygakas's Antique Weapon Boutique.
  2773 | D:5      | Entered Level 5 of the Dungeon
  2892 | D:5      | Reached XP level 8. HP: 31/76 MP: 8/8
  3281 | D:6      | Noticed Duvessa
  3290 | D:6      | Noticed Dowan
  3406 | D:6      | Reached skill level 7 in Earth Magic
  3576 | D:6      | Killed Duvessa
  3576 | D:6      | Reached skill level 5 in Unarmed Combat
  3591 | D:6      | Killed Dowan
  3660 | D:6      | Found Bupt's Bounteous Boutique.
  3685 | D:6      | Bought a scroll of blinking for 97 gold pieces
  3728 | D:6      | Found a runed door.
  3733 | D:6      | Found a basalt altar of Yredelemnul.
  3777 | D:6      | Found a staircase to the Ecumenical Temple.
  3848 | Temple   | Entered the Ecumenical Temple
  3999 | D:3      | Became a worshipper of Ashenzari the Shackled
  4300 | D:7      | Learned a level 5 spell: Lee's Rapid Deconstruction
  4487 | D:7      | HP: 3/79 [orc priest/divine providence (14)]
  4488 | D:7      | Killed from afar by an orc priest

Vault maps used:
D:1:      shiori_arrival_elements, minmay_misc_feat_secret_circle,
          minmay_pentomino_r4
D:2:      old_standard_altar, uniq_sigmund, uniq_terence
D:3:      chequers_temple_overflow_minitemple, serial_glass, glass_columns_a,
          glass_columns_b, glass_columns_a, glass_columns_a, glass_columns_b,
          first_ration
D:4:      serial_shops, kennysheep_little_box, xom_teletrap_fun, uniq_menkaure
D:6:      temple_statues, nicolae_alphabet_shops, kennysheep_doodads,
          dk_yredelemnul_ordeal, uniq_duvessa
D:7:      chequers_decorated_corner, grunt_ogre_cave
Temple:   cyrus_circular_temple

Skill      XL: |  1  2  3  4  5  6  7  8 |
---------------+-------------------------+-----
Earth Magic    | 3 4 5 6 7 |  7.9
Unarmed Combat | 2 3 4 5 |  5.4
Fighting       | 1 2 3 4 |  4.5
Dodging        | |  1.5
Stealth        | |  1.0
Spellcasting   | |  1.2
Transmutations | |  0.6

Action                   |  1- 3 |  4- 6 |  7- 9 || total
-------------------------+-------+-------+-------++-------
Melee: Unarmed           |    78 |   145 |   212 ||   435
       Punch             |       |     1 |     7 ||     8
Throw: Stone             |       |       |     1 ||     1
 Cast: Sandblast         |     2 |     6 |    28 ||    36
       Stone Arrow       |       |       |     2 ||     2
  Use: Scroll            |       |     2 |    10 ||    12
 Stab: Sleeping          |     2 |     2 |       ||     4
  Eat: Chunk             |    11 |    15 |    23 ||    49
Armor: Robe              |    23 |    40 |    52 ||   115
Dodge: Dodged            |    37 |    93 |   112 ||   242

Table legend:
 A = Non-vault XP
 B = Vault XP
 C = Vault XP percentage of total XP
 D = Non-vault monster count
 E = Vault monster count
 F = Vault count percentage of total count
                 A         B        C        D         E       F
            +---------+---------+-------+---------+---------+-------
      Total |    1844 |     686 |  27.1 |     113 |      10 |   8.1
            +---------+---------+-------+---------+---------+-------
        D:1 |      33 |       4 |  10.8 |      20 |       3 |  13.0
        D:2 |     102 |     259 |  71.7 |      18 |       2 |  10.0
        D:3 |     250 |       0 |   0.0 |      21 |       0 |   0.0
        D:4 |     490 |     175 |  26.3 |      23 |       1 |   4.2
        D:5 |     306 |       0 |   0.0 |      11 |       0 |   0.0
        D:6 |     440 |     248 |  36.0 |      13 |       4 |  23.5
        D:7 |     223 |       0 |   0.0 |       7 |       0 |   0.0
            +---------+---------+-------+---------+---------+-------
